AoeStats
← Frog 2nd

MegaRandom

504512506Analyzed
2v2 RM · 28d ago on Sep 5, 2026· 31m 37s· 4 players
Game mode
Random Map
Map size
Medium (4 player)
Population
200
Speed
Normal
Resources
Standard
Victory
Conquest
Starting age
Dark Age
Ending age
Imperial Age
RankedLock teamsTeams togetherTeam positionsShared explorationLock speedFull tech treeHidden civsTurbo modeCheats
Victory
Defeat
🇷🇺 Persians · Russia
770
+12
🇨🇿 Teutons · Czechia
705
+15
🇺🇸 Burgundians · United States
684
-14
🇺🇸 Britons · United States
671
-13
Frog 2nd
11:28 Feudal Age
13:08 Wheelbarrow
12:14 Horse Collar
12:20 Double-Bit Axe
17:06 Castle Age
16:35 Stone Mining
16:37 Gold Mining
18:01 Hand Cart
20:55 Loom
20:59 Town Watch
28:43 Heavy Plow
28:55 Bow Saw
Jean_Batist_Amour
8:18 Feudal Age
9:35 Double-Bit Axe
12:02 Bloodlines
15:53 Horse Collar
20:21 Castle Age
18:50 Gold Mining
20:47 Forging
22:41 Bow Saw
22:42 Husbandry
23:30 Iron Casting
26:27 Stone Mining
29:22 Stone Shaft Mining
29:14 Heavy Plow
longbow900
3:36 Loom
10:08 Feudal Age
13:05 Wheelbarrow
waxahn
6:29 Wheelbarrow
6:13 Loom
9:28 Feudal Age
8:37 Double-Bit Axe
10:46 Bow Saw
14:55 Hand Cart
15:36 Horse Collar
18:23 Heavy Plow
21:33 Castle Age
21:56 Forging
23:40 Gold Mining
24:24 Crop Rotation
24:56 Two-Man Saw
25:19 Husbandry
24:42 Cavalier
26:13 Stone Mining
Connection lost

Rejoining the realm…

Still unreachable

The connection could not be restored.

Session expired

The server has moved on; the page needs a fresh start.